[Event "ICC tourney 2107 (75 10)"]
[Site "Internet Chess Club"]
[Date "2020.11.07"]
[Round "3"]
[White "ZebraGamer"]
[Black "akumarum"]
[Result "0-1"]
[ICCResult "White checkmated"]
[WhiteElo "724"]
[BlackElo "1061"]
[Opening "Ruy Lopez: Berlin defense"]
[ECO "C65"]
[NIC "RL.07"]
[Time "14:34:40"]
[PlyCount "74"]
[TimeControl "4500+10"]

1. e4 e5 2. Nf3 Nc6 3. Bb5 Nf6 4. Bxc6 dxc6 5. Nxe5 Qd4 6. Nf3 Qxe4+ 7. Qe2
Qxe2+ 8. Kxe2 Bd6 9. d4 O-O 10. Bd2 Re8+ 11. Be3 Bf4 12. g4 Nxg4 13. Nc3
Nxe3 14. Rhe1 Nxc2+ 15. Kd3 Rxe1 16. Nxe1 Nxa1 17. h4 Bf5+ 18. Ne4 Bxe4+
19. Kxe4 Re8+ 20. Kxf4 Rxe1 21. Kf5 b5 22. h5 b4 23. Kg5 Re2 24. h6 Rxb2
25. hxg7 Kxg7 26. Kf4 Rxa2 27. Ke3 b3 28. Kd3 b2 29. Kc3 b1=Q 30. Kc4 Rc2+
31. Kd3 Qd1+ 32. Ke4 Re2+ 33. Kf3 Qf1 34. d5 Qxf2+ 35. Kg4 Qf1 36. dxc6
Rg2+ 37. Kh3 Qh1# { White checkmated } 0-1

[Event "ICC tourney 2107 (75 10)"]
[Site "Internet Chess Club"]
[Date "2020.11.07"]
[Round "3"]
[White "arjunchesszero"]
[Black "AarushV5"]
[Result "0-1"]
[ICCResult "White resigns"]
[WhiteElo "1006"]
[BlackElo "720"]
[Opening "King's pawn game"]
[ECO "C50"]
[NIC "IG.03"]
[Time "14:34:39"]
[PlyCount "24"]
[TimeControl "4500+10"]

1. e4 e5 2. Nf3 Nc6 3. Bc4 h6 4. O-O Nf6 5. Nc3 Bc5 6. d3 d6 7. Qe2 O-O 8.
h3 Be6 9. Nd5 a6 10. a4 Re8 11. Be3 Nd4 12. c3 Nxe2+ { White resigns } 0-1

[Event "ICC tourney 2107 (75 10)"]
[Site "Internet Chess Club"]
[Date "2020.11.07"]
[Round "3"]
[White "Nathan-Shamalov"]
[Black "PRANAVAK"]
[Result "1-0"]
[ICCResult "Black checkmated"]
[WhiteElo "1080"]
[BlackElo "423"]
[Opening "Petrov: Damiano variation"]
[ECO "C42"]
[NIC "RG.03"]
[Time "14:34:46"]
[PlyCount "101"]
[TimeControl "4500+10"]

1. e4 e5 2. Nf3 Nf6 3. Nxe5 Nxe4 4. Qe2 Qe7 5. Qxe4 d6 6. d4 dxe5 7. dxe5
Qb4+ 8. Qxb4 Bxb4+ 9. Bd2 Bxd2+ 10. Nxd2 Be6 11. O-O-O Nd7 12. Bc4 Nxe5 13.
Bxe6 fxe6 14. Rhe1 Rd8 15. Rxe5 Rd5 16. Rxd5 exd5 17. Re1+ Kf7 18. Re5 Re8
19. Rxe8 Kxe8 20. Nb3 Kf7 21. Kd2 b6 22. Kd3 h5 23. Kd4 Ke6 24. h3 g5 25.
g3 Kd6 26. f4 gxf4 27. gxf4 Ke6 28. Nd2 Kf5 29. Ke3 Ke6 30. c4 c5 31. cxd5+
Kxd5 32. h4 a6 33. b3 b5 34. Ne4 a5 35. a3 Kc6 36. f5 a4 37. bxa4 bxa4 38.
f6 Kd7 39. Nxc5+ Ke8 40. Kf4 Kf8 41. Kf5 Kf7 42. Nxa4 Kf8 43. Ke6 Ke8 44.
f7+ Kf8 45. Nb2 Kg7 46. Ke7 Kg6 47. f8=Q Kh7 48. Qf5+ Kg8 49. Qg5+ Kh7 50.
Kf8 Kh8 51. Qg7# { Black checkmated } 1-0

[Event "ICC tourney 2107 (75 10)"]
[Site "Internet Chess Club"]
[Date "2020.11.07"]
[Round "3"]
[White "DaveGriffin"]
[Black "johnzabraham"]
[Result "0-1"]
[ICCResult "White resigns"]
[WhiteElo "1167"]
[BlackElo "1086"]
[Opening "French: Tarrasch, open, 4.ed ed"]
[ECO "C08"]
[NIC "FR.20"]
[Time "14:35:10"]
[PlyCount "64"]
[TimeControl "4500+10"]

1. e4 e6 2. d4 d5 3. Nd2 c5 4. exd5 exd5 5. dxc5 Bxc5 6. Bd3 Nf6 7. h3 O-O
8. Ne2 Nc6 9. O-O Re8 10. a3 h6 11. Nf3 b6 12. b4 Bd6 13. Bb2 Bb7 14. Ng3
Bxg3 15. fxg3 d4 16. Kh2 Nd5 17. Qd2 Ne3 18. Rfe1 Qd5 19. Rxe3 Rxe3 20.
Nxd4 Nxd4 21. Bxd4 Rxd3 22. cxd3 Qxd4 23. Rc1 Ba6 24. Rc3 Rd8 25. Rc7 Rd7
26. Rxd7 Qxd7 27. d4 Qd5 28. Qe3 Bb7 29. Qf2 Qb3 30. Qf4 Bd5 31. Qb8+ Kh7
32. Qxa7 Qc2 { White resigns } 0-1

[Event "ICC tourney 2107 (75 10)"]
[Site "Internet Chess Club"]
[Date "2020.11.07"]
[Round "3"]
[White "EW2006"]
[Black "ayanloveschess"]
[Result "1-0"]
[ICCResult "Black resigns"]
[WhiteElo "1252"]
[BlackElo "876"]
[Opening "Ruy Lopez: exchange variation"]
[ECO "C68"]
[NIC "RL.08"]
[Time "14:34:42"]
[PlyCount "99"]
[TimeControl "4500+10"]

1. e4 e5 2. Nf3 Nc6 3. Bb5 a6 4. Bxc6 dxc6 5. h3 Bd6 6. d3 h6 7. c4 Nf6 8.
a3 Be6 9. Be3 b6 10. Nc3 c5 11. a4 O-O 12. Qc2 a5 13. Ne2 Re8 14. Rd1 Bd7
15. b3 Rc8 16. Ng3 c6 17. O-O b5 18. axb5 cxb5 19. Ra1 bxc4 20. dxc4 Qb6
21. Rfd1 Bc7 22. Bd2 Ra8 23. Bc3 Bc6 24. Ra3 Ra6 25. Rda1 Rea8 26. Nxe5
Bxe5 27. Bxe5 Nxe4 28. Nxe4 Re8 29. f4 Bxe4 30. Qxe4 f6 31. Qd5+ Kh8 32.
Bc3 Rd8 33. Qf3 Rda8 34. Qf1 R8a7 35. Qe1 Ra8 36. Bxa5 Qa7 37. Kh1 Kg8 38.
b4 cxb4 39. Bxb4 Rxa3 40. Rxa3 Qb7 41. Rxa8+ Qxa8 42. Qc3 Qc8 43. c5 Qc7
44. Qc4+ Kh7 45. c6 g5 46. fxg5 Qa7 47. Qe4+ Kg8 48. Qe8+ Kg7 49. Qe7+ Kg6
50. Qxa7 { Black resigns } 1-0

[Event "ICC tourney 2107 (75 10)"]
[Site "Internet Chess Club"]
[Date "2020.11.07"]
[Round "3"]
[White "paradoxical"]
[Black "Knighthhhh"]
[Result "1-0"]
[ICCResult "Black checkmated"]
[WhiteElo "1059"]
[BlackElo "1089"]
[Opening "French: advance, Paulsen attack"]
[ECO "C00"]
[NIC "FR.01"]
[Time "14:34:42"]
[PlyCount "57"]
[TimeControl "4500+10"]

1. e4 e6 2. Nf3 d5 3. e5 c5 4. d4 Nc6 5. c3 Qb6 6. a4 cxd4 7. Nxd4 Bc5 8.
Bb5 Bxd4 9. cxd4 a6 10. Bxc6+ Qxc6 11. O-O Ne7 12. Qg4 Ng6 13. Nc3 h5 14.
Qg3 h4 15. Qg4 b6 16. h3 a5 17. Be3 Ba6 18. Rfc1 Qd7 19. b3 Rc8 20. Bg5 Rc6
21. Nb5 Bxb5 22. axb5 Rxc1+ 23. Rxc1 Qb7 24. f4 Qd7 25. Rc6 Qb7 26. f5 exf5
27. Qxf5 Qd7 28. Rc8+ Qxc8 29. Qxc8# { Black checkmated } 1-0

[Event "ICC tourney 2107 (75 10)"]
[Site "Internet Chess Club"]
[Date "2020.11.07"]
[Round "3"]
[White "oecooke"]
[Black "Italy321"]
[Result "0-1"]
[ICCResult "White checkmated"]
[WhiteElo "862"]
[BlackElo "1002"]
[Opening "Scotch opening"]
[ECO "C44"]
[NIC "KP.10"]
[Time "14:34:37"]
[PlyCount "144"]
[TimeControl "4500+10"]

1. e4 e5 2. Nf3 Nc6 3. d4 d6 4. dxe5 Nxe5 5. Nxe5 dxe5 6. Qxd8+ Kxd8 7. Bc4
Be6 8. Bxe6 fxe6 9. O-O Nf6 10. Rd1+ Bd6 11. Bg5 Rf8 12. f4 Ke8 13. Nc3
exf4 14. Nb5 Nxe4 15. Nxd6+ Nxd6 16. Rf1 e5 17. Rae1 Rf5 18. Bxf4 Kd7 19.
Bxe5 Rxf1+ 20. Rxf1 g5 21. Kf2 Nc4 22. Rd1+ Ke6 23. Bxc7 Rc8 24. Re1+ Kd7
25. Bg3 Nxb2 26. Re2 a5 27. Rd2+ Kc6 28. Rd6+ Kb5 29. Rd5+ Rc5 30. c4+ Nxc4
31. a4+ Kb4 32. Rd4 Kxa4 33. Bd6 Rc6 34. Be7 h6 35. Re4 b5 36. Ke2 b4 37.
Kd3 Kb3 38. Bf8 h5 39. g4 hxg4 40. Rxg4 Ne5+ 41. Kd4 Nxg4 42. h3 Nf2 43.
Be7 g4 44. hxg4 Nxg4 45. Kd5 Rc1 46. Bg5 Rd1+ 47. Ke4 a4 48. Kf4 Nh2 49.
Kg3 Nf1+ 50. Kf2 a3 51. Bf6 a2 52. Ke2 Kc2 53. Kf2 b3 54. Ke2 b2 55. Bxb2
Kxb2 56. Kxd1 a1=Q+ 57. Ke2 Qc1 58. Kd3 Qc2+ 59. Kd4 Kb3 60. Ke5 Kc4 61.
Kd6 Kb5 62. Ke5 Qd3 63. Ke6 Kc6 64. Ke7 Qd5 65. Ke8 Qd7+ 66. Kf8 Kd6 67.
Kg8 Ke6 68. Kh8 Qe8+ 69. Kg7 Qe7+ 70. Kh8 Qg5 71. Kh7 Kf7 72. Kh8 Qg7# {
White checkmated } 0-1

[Event "ICC tourney 2107 (75 10)"]
[Site "Internet Chess Club"]
[Date "2020.11.07"]
[Round "3"]
[White "Maximusiv"]
[Black "travelworld"]
[Result "1-0"]
[ICCResult "Black checkmated"]
[WhiteElo "1037"]
[BlackElo "1086"]
[Opening "Two knights defense"]
[ECO "C55"]
[NIC "KP.02"]
[Time "14:34:42"]
[PlyCount "65"]
[TimeControl "4500+10"]

1. e4 e5 2. Nf3 Nc6 3. Bc4 Nf6 4. d4 exd4 5. O-O Be7 6. e5 Ne4 7. Bd5 Ng5
8. Bxg5 Bxg5 9. Re1 O-O 10. Nxd4 Nxd4 11. Qxd4 c6 12. Be4 Qa5 13. Nc3 Qb6
14. Qd3 g6 15. Qg3 Bh6 16. b3 Bd2 17. Red1 Qd4 18. Ne2 Qxe4 19. Rxd2 Re8
20. f4 b6 21. Rf1 Ba6 22. Nc3 Qb4 23. Rfd1 Qc5+ 24. Kh1 Rad8 25. Ne4 Qa3
26. Nf6+ Kg7 27. Nxe8+ Rxe8 28. Rxd7 Qxa2 29. Qg5 Kg8 30. Qf6 Rf8 31. Rxf7
Rxf7 32. Rd8+ Rf8 33. Qxf8# { Black checkmated } 1-0

[Event "ICC tourney 2107 (75 10)"]
[Site "Internet Chess Club"]
[Date "2020.11.07"]
[Round "3"]
[White "missqueen"]
[Black "Mannansh"]
[Result "1-0"]
[ICCResult "Black resigns"]
[WhiteElo "1138"]
[BlackElo "1173"]
[Opening "Scandinavian defense"]
[ECO "B01"]
[NIC "SD.03"]
[Time "14:35:12"]
[PlyCount "93"]
[TimeControl "4500+10"]

1. e4 d5 2. exd5 Nf6 3. d4 Bg4 4. Bb5+ Nbd7 5. Be2 Bxe2 6. Qxe2 Nxd5 7. c4
N5b6 8. Nc3 g6 9. c5 Nc8 10. Nf3 Bg7 11. O-O O-O 12. Re1 e6 13. Bf4 Ne7 14.
Rad1 Nd5 15. Nxd5 exd5 16. Qe7 c6 17. Bg5 Qc8 18. Qd6 h6 19. Bf4 Re8 20.
Ne5 Nxe5 21. Bxe5 Bxe5 22. Rxe5 Rxe5 23. Qxe5 Qe6 24. Qxe6 fxe6 25. Rd3 b6
26. Rb3 b5 27. Ra3 a5 28. b4 a4 29. Rf3 Rf8 30. Rxf8+ Kxf8 31. f4 Kf7 32.
Kf2 Kf6 33. g4 h5 34. h3 h4 35. a3 g5 36. Kf3 Kg6 37. fxg5 Kxg5 38. Ke3 Kg6
39. Kf4 Kf6 40. g5+ Kg6 41. Ke5 Kxg5 42. Kd6 Kf6 43. Kxc6 e5 44. Kxd5 exd4
45. Kxd4 Ke6 46. c6 Kd6 47. c7 { Black resigns } 1-0

[Event "ICC tourney 2107 (75 10)"]
[Site "Internet Chess Club"]
[Date "2020.11.07"]
[Round "4"]
[White "Mannansh"]
[Black "nikhilramkumar"]
[Result "1-0"]
[ICCResult "Black checkmated"]
[WhiteElo "1147"]
[BlackElo "177"]
[Opening "Scandinavian (center counter) defense"]
[ECO "B01"]
[NIC "SD.02"]
[Time "18:02:21"]
[PlyCount "29"]
[TimeControl "4500+10"]

1. e4 d5 2. exd5 Qxd5 3. Nc3 Qe6+ 4. Be2 Qd6 5. Nf3 Nf6 6. O-O Ng4 7. d4 f6
8. Nb5 Qd5 9. Nxc7+ Kd7 10. Nxd5 e6 11. Ne5+ fxe5 12. Bxg4 Kd6 13. dxe5+
Kxe5 14. Bf4+ Ke4 15. Re1# { Black checkmated } 1-0

[Event "ICC tourney 2107 (75 10)"]
[Site "Internet Chess Club"]
[Date "2020.11.07"]
[Round "4"]
[White "nethraramkumar"]
[Black "travelworld"]
[Result "0-1"]
[ICCResult "White resigns"]
[WhiteElo "109"]
[BlackElo "1056"]
[Opening "KP: Napoleon's opening"]
[ECO "C20"]
[NIC "KP.10"]
[Time "18:02:07"]
[PlyCount "29"]
[TimeControl "4500+10"]

1. e4 e5 2. Qf3 Nf6 3. Bd3 Nc6 4. c4 Bc5 5. h4 d6 6. h5 Nd4 7. Qe3 Nc2+ 8.
Kd1 Nxe3+ 9. fxe3 Bg4+ 10. Nf3 Bxh5 11. g3 Bxf3+ 12. Be2 Bxh1 13. g4 Nxe4
14. Na3 Qf6 15. Bf3 { White resigns } 0-1

[Event "ICC tourney 2107 (75 10)"]
[Site "Internet Chess Club"]
[Date "2020.11.07"]
[Round "4"]
[White "Italy321"]
[Black "Nathan-Shamalov"]
[Result "0-1"]
[ICCResult "White resigns"]
[WhiteElo "923"]
[BlackElo "1079"]
[Opening "Ruy Lopez: old Steinitz defense"]
[ECO "C62"]
[NIC "RL.02"]
[Time "18:02:06"]
[PlyCount "46"]
[TimeControl "4500+10"]

1. e4 e5 2. Nf3 Nc6 3. Bb5 d6 4. Bxc6+ bxc6 5. Nc3 Bg4 6. O-O Bxf3 7. Qxf3
Nf6 8. d3 d5 9. Ne2 Bd6 10. Bg5 Be7 11. Qg3 dxe4 12. Bxf6 Bxf6 13. dxe4 Qd2
14. Qd3 Rd8 15. Rad1 Rxd3 16. Rxd2 Rxd2 17. Nc1 O-O 18. b3 Rfd8 19. h3 Rd1
20. Rxd1 Rxd1+ 21. Kh2 Rxc1 22. c4 Rc2 23. f3 Rxa2 { White resigns } 0-1

[Event "ICC tourney 2107 (75 10)"]
[Site "Internet Chess Club"]
[Date "2020.11.07"]
[Round "4"]
[White "albertyang"]
[Black "ZebraGamer"]
[Result "1-0"]
[ICCResult "Black checkmated"]
[WhiteElo "686"]
[BlackElo "695"]
[Opening "Scotch opening"]
[ECO "C44"]
[NIC "KP.10"]
[Time "18:01:58"]
[PlyCount "81"]
[TimeControl "4500+10"]

1. e4 e5 2. Nf3 Nc6 3. d4 d6 4. d5 Nd4 5. Nxd4 exd4 6. Qxd4 c5 7. Qd3 Qa5+
8. Nc3 Bd7 9. Be2 b5 10. a3 b4 11. Nb5 Bxb5 12. Qxb5+ Qxb5 13. Bxb5+ Kd8
14. axb4 Nf6 15. f3 Rb8 16. Bc4 Rxb4 17. b3 Be7 18. Rxa7 Nh5 19. Ra8+ Kd7
20. Rxh8 Bh4+ 21. Kd1 f6 22. Rxh7 Bg5 23. Bxg5 fxg5 24. Rxh5 Rb8 25. Rxg5
Ra8 26. Rxg7+ Ke8 27. Kd2 Kf8 28. Rd7 Re8 29. Rxd6 Rc8 30. h4 Kg8 31. h5
Rc7 32. g4 Rh7 33. g5 Kg7 34. Rd7+ Kh8 35. Rxh7+ Kxh7 36. d6 Kg7 37. d7 Kf8
38. d8=Q+ Kg7 39. h6+ Kh7 40. Qe7+ Kh8 41. Qg7# { Black checkmated } 1-0

[Event "ICC tourney 2107 (75 10)"]
[Site "Internet Chess Club"]
[Date "2020.11.07"]
[Round "4"]
[White "johnzabraham"]
[Black "EW2006"]
[Result "1-0"]
[ICCResult "Black checkmated"]
[WhiteElo "1109"]
[BlackElo "1229"]
[Opening "QGD: 3.Nc3"]
[ECO "D31"]
[NIC "QP.08"]
[Time "18:02:54"]
[PlyCount "99"]
[TimeControl "4500+10"]

1. d4 d5 2. c4 e6 3. Nc3 Bb4 4. cxd5 exd5 5. Bf4 Ne7 6. e3 O-O 7. Bd3 Ng6
8. Bg3 Nc6 9. Ne2 b6 10. O-O Bxc3 11. bxc3 Nce7 12. h3 f5 13. Re1 Be6 14.
Qc2 c5 15. Qd2 c4 16. Bc2 Qd7 17. Rad1 a6 18. Rb1 b5 19. Kh2 Nc8 20. Ng1
Nd6 21. Ne2 Ne4 22. Bxe4 fxe4 23. Nf4 Nxf4 24. Bxf4 h6 25. Rg1 g5 26. Be5
Bf5 27. g4 Bg6 28. Rg3 Rf3 29. Rbg1 Raf8 30. R1g2 Qf7 31. Rxf3 exf3 32. Rg1
Ra8 33. Qb2 Qd7 34. Qd2 Ra7 35. Qd1 Be4 36. Qd2 Rb7 37. Kg3 a5 38. h4 b4
39. hxg5 hxg5 40. Rh1 Bh7 41. Rh6 b3 42. axb3 cxb3 43. e4 b2 44. Qxg5+ Kf8
45. Qf6+ Qf7 46. Qd8+ Qe8 47. Rf6+ Rf7 48. Rxf7+ Kxf7 49. Qf6+ Kg8 50. Qg7#
{ Black checkmated } 1-0

[Event "ICC tourney 2107 (75 10)"]
[Site "Internet Chess Club"]
[Date "2020.11.07"]
[Round "4"]
[White "PRANAVAK"]
[Black "oxdidi"]
[Result "1-0"]
[ICCResult "Black resigns"]
[WhiteElo "503"]
[BlackElo "1048"]
[Opening "Ruy Lopez: exchange, Keres variation"]
[ECO "C68"]
[NIC "RL.08"]
[Time "18:01:59"]
[PlyCount "81"]
[TimeControl "4500+10"]

1. e4 e5 2. Nf3 Nc6 3. Bb5 a6 4. Bxc6 dxc6 5. Nc3 Bc5 6. O-O Bg4 7. Na4 Bd6
8. h3 Bh5 9. d4 exd4 10. Qxd4 Bf8 11. Qe5+ Qe7 12. Qxh5 Qxe4 13. Re1 Qxe1+
14. Nxe1 O-O-O 15. Qg4+ Kb8 16. Bg5 f6 17. Bf4 h5 18. Qg3 Bd6 19. Bxd6 cxd6
20. Qxg7 Nh6 21. Qxf6 Kc7 22. Rd1 d5 23. Nc5 Kb6 24. Ne6 Rdg8 25. Qd4+ Kb5
26. Ng7 c5 27. c4+ Kb6 28. Qf6+ Ka7 29. Rxd5 Rf8 30. Qd6 Ka8 31. Nd3 Rfg8
32. Qe7 Rh7 33. Rd8+ Rxd8 34. Qxd8+ Ka7 35. Qe7 Nf5 36. Qe4 Rxg7 37. Qxf5
Rh7 38. Qxh7 Kb6 39. Qxh5 Kc7 40. Qxc5+ Kb8 41. f4 { Black resigns } 1-0

[Event "ICC tourney 2107 (75 10)"]
[Site "Internet Chess Club"]
[Date "2020.11.07"]
[Round "4"]
[White "oecooke"]
[Black "Harithaananth"]
[Result "1-0"]
[ICCResult "Black checkmated"]
[WhiteElo "936"]
[BlackElo "987"]
[Opening "Scotch gambit"]
[ECO "C44"]
[NIC "SO.06"]
[Time "18:02:03"]
[PlyCount "221"]
[TimeControl "4500+10"]

1. e4 e5 2. Nf3 Nc6 3. d4 exd4 4. Bc4 h6 5. O-O d6 6. c3 dxc3 7. Nxc3 Nf6
8. e5 dxe5 9. Qxd8+ Nxd8 10. Nxe5 Bd6 11. Re1 O-O 12. Ng6 Be6 13. Nxf8 Bxc4
14. b3 Bd5 15. Nxd5 Bb4 16. Nxb4 Nc6 17. Nxc6 bxc6 18. Ba3 Nd5 19. Rac1 Nf4
20. Rxc6 Nd3 21. Re3 Rd8 22. Be7 Rd4 23. h3 Nf4 24. Kh2 Nd5 25. Bc5 Rd1 26.
Re8 f6 27. Ne6+ Kf7 28. Rf8+ Kg6 29. Rg8 Kf5 30. Nxg7+ Ke5 31. Re8+ Kf4 32.
Be3+ Nxe3 33. fxe3+ Kg5 34. Ne6+ Kf5 35. Rc5+ Kg6 36. Nf8+ Kf7 37. Rd8 Rxd8
38. Nh7 Rd7 39. Rf5 Kg7 40. Nxf6 Rd2 41. Ne4 Rxa2 42. Kg3 Kg6 43. Kg4 Rxg2+
44. Kf4 Rg1 45. Rf6+ Kg7 46. Ke5 Rc1 47. Re6 Ra1 48. Re7+ Kf8 49. b4 Kxe7
50. Nf6 Ra4 51. Kf5 Rxb4 52. Nd5+ Kd6 53. Nxb4 a5 54. Nd3 a4 55. Nc1 c5 56.
e4 c4 57. e5+ Ke7 58. Na2 a3 59. e6 Ke8 60. Kf6 Kf8 61. e7+ Ke8 62. h4 h5
63. Kg6 Kxe7 64. Kxh5 Kf6 65. Kg4 Kg6 66. h5+ Kh6 67. Kh4 Kh7 68. Kg5 Kg7
69. h6+ Kh7 70. Kh5 Kh8 71. Kg5 Kh7 72. Kh5 Kh8 73. Kg6 Kg8 74. Kg5 Kh7 75.
Kh5 Kg8 76. Kg6 Kh8 77. Kh5 Kh7 78. Kg5 Kg8 79. Kf6 Kh7 80. Kg5 Kg8 81. Kg6
Kh8 82. Kh5 Kh7 83. Nc1 c3 84. Kg5 Kg8 85. Kg6 Kh8 86. Nd3 a2 87. Ne5 a1=Q
88. Nf7+ Kg8 89. h7+ Kf8 90. h8=Q+ Ke7 91. Qe5+ Kd7 92. Qd6+ Kc8 93. Qd8+
Kb7 94. Nd6+ Kc6 95. Qf6 Qg1+ 96. Kf7 Qc1 97. Ne4+ Kd5 98. Qe6+ Kd4 99. Ke7
Qa3+ 100. Kf6 Qa5 101. Nd6 Qd8+ 102. Kf7 Qc7+ 103. Kg6 Qc5 104. Nf5+ Kd3
105. Qd7+ Ke2 106. Nd4+ Kf1 107. Qh3+ Kf2 108. Qf3+ Kg1 109. Ne2+ Kh2 110.
Qg3+ Kh1 111. Qh3# { Black checkmated } 1-0

[Event "ICC tourney 2107 (75 10)"]
[Site "Internet Chess Club"]
[Date "2020.11.07"]
[Round "4"]
[White "paradoxical"]
[Black "charlesshen"]
[Result "0-1"]
[ICCResult "White resigns"]
[WhiteElo "1044"]
[BlackElo "1121"]
[Opening "Danish gambit"]
[ECO "C21"]
[NIC "KP.04"]
[Time "18:02:18"]
[PlyCount "100"]
[TimeControl "4500+10"]

1. e4 e5 2. d4 exd4 3. c3 dxc3 4. Bc4 Nf6 5. e5 Ng8 6. Nxc3 Bb4 7. Nf3 Nc6
8. O-O Nge7 9. a3 Bc5 10. b4 Bb6 11. Nd5 Nxd5 12. Qxd5 O-O 13. Bg5 Qe8 14.
Qe4 d5 15. Bxd5 Be6 16. Bxe6 Qxe6 17. Rad1 f6 18. Bf4 fxe5 19. Ng5 Qf5 20.
Qd5+ Kh8 21. Bc1 Rad8 22. Qa2 Rxd1 23. Rxd1 Qxf2+ 24. Qxf2 Rxf2 25. Kh1 h6
26. Nh3 Rc2 27. g4 Nd4 28. Be3 Nf3 29. Rd8+ Kh7 30. Bd2 Nxd2 31. Kg2 Ne4+
32. Kf3 Ng5+ 33. Nxg5+ hxg5 34. Ke4 Rxh2 35. Kxe5 c5 36. Rf8 cxb4 37. axb4
Rb2 38. Rf5 Rxb4 39. Ke6 Rxg4 40. Rf1 Re4+ 41. Kd5 Rf4 42. Rb1 Kg6 43. Ke5
Rf5+ 44. Ke6 Rf6+ 45. Ke5 g4 46. Rb4 Kg5 47. Rb2 g3 48. Rg2 Kg4 49. Ke4 Rf2
50. Rg1 Re2+ { White resigns } 0-1

[Event "ICC tourney 2107 (75 10)"]
[Site "Internet Chess Club"]
[Date "2020.11.07"]
[Round "4"]
[White "AarushV5"]
[Black "DaveGriffin"]
[Result "0-1"]
[ICCResult "White checkmated"]
[WhiteElo "718"]
[BlackElo "1168"]
[Opening "French: Two knights variation"]
[ECO "C00"]
[NIC "FR.01"]
[Time "18:02:06"]
[PlyCount "88"]
[TimeControl "4500+10"]

1. e4 e6 2. Nf3 d5 3. Nc3 c6 4. g3 Nd7 5. d4 Bb4 6. e5 f6 7. a3 Be7 8. Bh3
Nb6 9. O-O Bd7 10. b3 h5 11. Re1 g5 12. g4 hxg4 13. Bxg4 f5 14. Nxg5 Bxg5
15. Bxg5 Qxg5 16. f3 fxg4 17. fxg4 Rh4 18. Kh1 O-O-O 19. Rg1 Nh6 20. Rg2
Rxg4 21. Qe2 Rxg2 22. Qxg2 Qxg2+ 23. Kxg2 Rg8+ 24. Kh1 Nf5 25. Rg1 Rxg1+
26. Kxg1 Nxd4 27. h4 Nf3+ 28. Kg2 Nxh4+ 29. Kf2 Ng6 30. Ke3 Nxe5 31. Kd4
Nf3+ 32. Kc5 e5 33. a4 e4 34. Ne2 Bg4 35. a5 Nd7+ 36. Kd6 Ne1 37. Nd4 Bd1
38. c3 Nc2 39. Nxc2 Bxc2 40. b4 Bd3 41. Ke6 e3 42. Ke7 e2 43. Ke6 e1=Q+ 44.
Kd6 Qe5# { White checkmated } 0-1

[Event "ICC tourney 2107 (75 10)"]
[Site "Internet Chess Club"]
[Date "2020.11.07"]
[Round "4"]
[White "akumarum"]
[Black "fredofosco"]
[Result "1-0"]
[ICCResult "Black checkmated"]
[WhiteElo "1058"]
[BlackElo "848"]
[Opening "Philidor's defense"]
[ECO "C41"]
[NIC "KP.10"]
[Time "18:02:54"]
[PlyCount "121"]
[TimeControl "4500+10"]

1. e4 e5 2. Nf3 d6 3. Bc4 Nd7 4. O-O g6 5. Nc3 Bg7 6. d3 Nh6 7. Ng5 O-O 8.
Qf3 Nf6 9. Qe3 Nhg4 10. Qg3 Nh5 11. Qf3 Qf6 12. Qxf6 Bxf6 13. Nd5 Bd8 14.
h3 Ngf6 15. Nxf6+ Bxf6 16. Be3 Nf4 17. Bxf4 exf4 18. Nf3 Bxb2 19. Rad1 Be6
20. Bxe6 fxe6 21. Rb1 Bc3 22. Rxb7 Rf7 23. Rb5 e5 24. Rfb1 Rg7 25. Rb8+
Rxb8 26. Rxb8+ Kf7 27. Rb7 Kf8 28. Rxa7 h5 29. Ra3 Bb4 30. Ra8+ Ke7 31. Ra7
Ke6 32. d4 Bc3 33. d5+ Kf6 34. Kf1 g5 35. a4 g4 36. hxg4 hxg4 37. Ne1 c5
38. Ra6 Rd7 39. a5 Ke7 40. Rb6 Bxa5 41. Rb8 Kf7 42. Rh8 Rb7 43. Rh7+ Ke8
44. Rxb7 Kd8 45. Rg7 c4 46. Rxg4 Kc7 47. g3 Kb6 48. gxf4 exf4 49. Rxf4 Bc3
50. Rf8 Ka5 51. Rd8 Be5 52. Nf3 Kb4 53. Nxe5 dxe5 54. d6 Kc3 55. Rc8 Kd4
56. d7 Kxe4 57. d8=Q Kf5 58. Qe7 e4 59. Rf8+ Kg4 60. Qg7+ Kh3 61. Rh8# {
Black checkmated } 1-0

[Event "ICC tourney 2107 (75 10)"]
[Site "Internet Chess Club"]
[Date "2020.11.07"]
[Round "4"]
[White "Knighthhhh"]
[Black "Udbhav10"]
[Result "0-1"]
[ICCResult "White checkmated"]
[WhiteElo "1083"]
[BlackElo "418"]
[Opening "QGD: Marshall defense"]
[ECO "D06"]
[NIC "QP.08"]
[Time "18:02:02"]
[PlyCount "92"]
[TimeControl "4500+10"]

1. d4 d5 2. c4 Nf6 3. cxd5 Nxd5 4. e4 Nf6 5. e5 Nd5 6. Nf3 g6 7. Bc4 h6 8.
Qb3 e6 9. Nbd2 Bg7 10. Ne4 Nc6 11. O-O O-O 12. Rd1 Na5 13. Bb5 Nxb3 14.
axb3 c6 15. Bd3 Nb4 16. Be2 Nc2 17. Ra4 Qd5 18. Rc4 Qxe4 19. Bd3 Qd5 20.
Rxc2 Qxb3 21. Rc3 Qxd1+ 22. Bf1 b5 23. Be3 c5 24. Rd3 Qb1 25. dxc5 Ba6 26.
Rc3 b4 27. Rc1 Qxb2 28. Bxa6 b3 29. Bd3 Rad8 30. Be4 Qe2 31. Re1 Qa2 32.
Rf1 f5 33. exf6 Bxf6 34. Bxh6 Qe2 35. Bxg6 Rd1 36. Nd2 b2 37. Rxd1 Qxd1+
38. Nf1 Rd8 39. Be3 Qe1 40. g3 Rd1 41. Kg2 Qxf1+ 42. Kf3 b1=Q 43. Kg4 Qxg6+
44. Kf4 Qc4+ 45. Kf3 Qf5+ 46. Kg2 Qf1# { White checkmated } 0-1

[Event "ICC tourney 2107 (75 10)"]
[Site "Internet Chess Club"]
[Date "2020.11.07"]
[Round "4"]
[White "ayanloveschess"]
[Black "missqueen"]
[Result "0-1"]
[ICCResult "White checkmated"]
[WhiteElo "875"]
[BlackElo "1154"]
[Opening "Ruy Lopez: exchange variation"]
[ECO "C68"]
[NIC "RL.08"]
[Time "18:02:54"]
[PlyCount "64"]
[TimeControl "4500+10"]

1. e4 e5 2. Nf3 Nc6 3. Bb5 a6 4. Bxc6 dxc6 5. d4 exd4 6. Qxd4 Qxd4 7. Nxd4
c5 8. Nf3 Bg4 9. h3 Bh5 10. g4 Bg6 11. Nc3 O-O-O 12. Bg5 Be7 13. Bd2 Nf6
14. e5 Ne4 15. Ke2 Nxd2 16. Nxd2 Bxc2 17. Rac1 Bd3+ 18. Ke3 c4 19. Nce4 b5
20. b3 Bb4 21. bxc4 Rhe8 22. f4 f6 23. cxb5 axb5 24. Rhd1 fxe5 25. fxe5
Rxe5 26. Kf4 Re6 27. Kf3 Rf8+ 28. Ke3 Bxd2+ 29. Rxd2 Bxe4 30. Rd4 Bg2+ 31.
Kd2 Rf2+ 32. Kd1 Bf3# { White checkmated } 0-1

[Event "ICC tourney 2107 (75 10)"]
[Site "Internet Chess Club"]
[Date "2020.11.07"]
[Round "4"]
[White "Maximusiv"]
[Black "arjunchesszero"]
[Result "0-1"]
[ICCResult "White checkmated"]
[WhiteElo "1033"]
[BlackElo "1071"]
[Opening "Sicilian: wing gambit"]
[ECO "B20"]
[NIC "SI.48"]
[Time "18:03:14"]
[PlyCount "94"]
[TimeControl "4500+10"]

1. e4 c5 2. b4 b6 3. Nf3 Nc6 4. bxc5 bxc5 5. Bc4 e6 6. e5 Qc7 7. Qe2 Be7 8.
O-O Nh6 9. h3 Nf5 10. Re1 O-O 11. c3 d6 12. g4 Nh6 13. d4 Kh8 14. Bxh6 gxh6
15. Bd3 Rg8 16. Nbd2 d5 17. Nf1 h5 18. N3h2 cxd4 19. Qc2 hxg4 20. Bxh7 Rg7
21. Bd3 gxh3+ 22. Kh1 Nxe5 23. Be2 d3 24. Bxd3 Bb7 25. Qd2 d4+ 26. Be4
Bxe4+ 27. Rxe4 Qc6 28. Ng3 f5 29. Qh6+ Rh7 30. Qf4 fxe4 31. Qxe5+ Kg8 32.
Qxd4 e3+ 33. f3 Bd6 34. Qg4+ Kf7 35. Qd4 Bxg3 36. Qxe3 Qd7 37. Ng4 Rd8 38.
Ne5+ Bxe5 39. Qxe5 Qd6 40. Qa5 h2 41. Qxa7+ Rd7 42. Qa4 Kf6 43. c4 Qg3 44.
Qa3 Rdg7 45. Qf8+ Rf7 46. Qd8+ Kg6 47. c5 Qxf3# { White checkmated } 0-1